 Dungeon Crawl Stone Soup version 0.18.1-5-g4a78601 (webtiles) character file.

156 CosmicAfro the Conjurer (level 5, -2/28 HPs)
             Began as a Deep Elf Conjurer on May 15, 2016.
             Slain by dozzold's ghost (19 damage)
             ... on level 3 of the Dungeon.
             The game lasted 00:05:32 (2136 turns).

CosmicAfro the Conjurer (Deep Elf Conjurer)         Turns: 2136, Time: 00:05:33

Health: -2/28      AC:  2    Str:  5    XL:     5   Next: 15%
Magic:  8/15       EV: 13    Int: 21    God:
Gold:   55         SH:  0    Dex: 15    Spells: 2 memorised, 12 levels left

rFire  . . .     SeeInvis .     t - +1 dagger (speed)
rCold  . . .     Gourm    .     a - +0 robe
rNeg   . . .     Faith    .     (no shield)
rPois  .         Spirit   .     (no helmet)
rElec  .         Dismiss  .     (no cloak)
rCorr  .         Reflect  .     (no gloves)
SustAt .         Harm     .     (no boots)
MR     .....                    (no amulet)
Stlth  ++........               (no ring)
                                h - ring of wizardry

@: not resistant to hostile enchantments, unstealthy
A: no striking features
a: no special abilities


You were on level 3 of the Dungeon.
You were hungry.

You visited 1 branch of the dungeon, and saw 3 of its levels.

You collected 55 gold pieces.

Inventory:

Hand Weapons
 g - a +0 hand axe
 t - a +1 dagger of speed (weapon)
Armour
 a - a +0 robe (worn)
 k - a cursed +0 chain mail
Jewellery
 h - a ring of wizardry (left hand)
 l - an uncursed ring of see invisible
Wands
 r - a wand of random effects (28/48)
Scrolls
 f - 5 scrolls of identify
 i - a scroll of recharging {unknown}
 p - a scroll of amnesia {unknown}
Potions
 d - a potion of invisibility
 e - a potion of ambrosia {unknown}
 j - 2 potions of lignification {unknown}
 m - a potion of brilliance {unknown}
 n - a potion of curing {unknown}
 o - a potion of agility {unknown}
 q - a potion of mutation {unknown}
 s - a potion of haste
 u - 2 potions of might {unknown}
Books
 b - a book of Conjurations

   Spells                             Type                      Level
   a - Magic Dart                     Conjuration                  1
   b - Searing Ray                    Conjuration                  2
   c - Dazzling Spray                 Conjuration/Hexes            3
   d - Fulminant Prism                Conjuration/Hexes            4
   e - Iskenderun's Mystic Blast      Conjuration                  4
   f - Iskenderun's Battlesphere      Conjuration/Charms           5
Comestibles
 c - a bread ration
 v - 2 meat rations


   Skills:
 - Level 2.4 Dodging
 - Level 2.4 Stealth
 + Level 5.5 Spellcasting
 + Level 5.9 Conjurations


You had 12 spell levels left.
You knew the following spells:

 Your Spells              Type           Power        Failure   Level  Hunger
a - Magic Dart            Conj           ####         1%          1    None
b - Searing Ray           Conj           ####..       1%          2    None


Dungeon Overview and Level Annotations

Branches:
Dungeon (3/15)

Altars:
Ashenzari
Dithmenos
Zin
The Shining One

Annotations:
D:3 dozzold's ghost, amateur TrMo


Message History

Press: ? - help, Shift-Dir - straight line, f - bat
Aim: a bat The searing ray hits the bat.
You kill the bat!
The searing ray misses dozzold's ghost.
The searing ray hits dozzold's ghost.
Dozzold's ghost is lightly damaged.
The searing ray hits dozzold's ghost.
Dozzold's ghost is moderately damaged.
Dozzold's ghost hits you!
Casting: Searing Ray
Confirm with . or Enter, or press ? or * to list all spells.
Aiming: Searing Ray
Press: ? - help, Shift-Dir - straight line, f - dozzold's ghost
Aim: dozzold's ghost (moderately damaged)
The searing ray hits dozzold's ghost.
Dozzold's ghost is moderately damaged.
Dozzold's ghost hits you!!
Ouch! That really hurt!
You die...

#. #.......# #..=... # #.......#
##..... #.......# #....(
#.......# #..... # #.......#
##.### .. ##.......## . #.## ...
#.........# ... #..#
....##.........####........###.##
...............W@.............†..
....##.........####........####.#
... #.........# .... #.. ..
#.........# . ##. . #.........#
#. #.........# #######
########### #...... ######......
............


You could see dozzold's ghost.

Vanquished Creatures
  Terence (D:3)
  7 adders
  An ooze (D:2)
  2 worms (D:2)
  3 dart slugs
  A giant gecko (D:1)
  3 giant cockroaches
  5 goblins
  4 hobgoblins
  3 jackals (D:1)
  2 quokkas (D:2)
  4 ball pythons
  3 bats
  9 kobolds
  9 rats
57 creatures vanquished.

Notes
Turn   | Place    | Note
--------------------------------------------------------------
     0 | D:1      | CosmicAfro the Deep Elf Conjurer began the quest for the Orb.
     0 | D:1      | Reached XP level 1. HP: 10/10 MP: 6/6
   159 | D:1      | Reached XP level 2. HP: 15/15 MP: 5/8
   556 | D:1      | Found a shattered altar of Ashenzari.
   693 | D:1      | Reached XP level 3. HP: 19/19 MP: 7/10
   773 | D:2      | Reached skill level 5 in Conjurations
   910 | D:2      | Learned a level 2 spell: Searing Ray
  1381 | D:2      | Reached XP level 4. HP: 24/24 MP: 7/12
  1674 | D:2      | Reached skill level 5 in Spellcasting
  1978 | D:3      | Found a glowing golden altar of the Shining One.
  1991 | D:3      | Found a glowing silver altar of Zin.
  1991 | D:3      | Found a shattered altar of Ashenzari.
  1994 | D:3      | Found a shadowy altar of Dithmenos.
  1996 | D:3      | Noticed Terence
  2004 | D:3      | Killed Terence
  2004 | D:3      | Reached XP level 5. HP: 26/28 MP: 6/14
  2121 | D:3      | Noticed dozzold's ghost (amateur TrMo)
  2136 | D:3      | Slain by dozzold's ghost

Skill      XL: |  1  2  3  4 |
---------------+-------------+-----
Spellcasting   | 4 5 |  5.5
Conjurations   | 5 |  5.9
Dodging        | |  2.4
Stealth        | |  2.4

Action                   |  1- 3 |  4- 6 || total
-------------------------+-------+-------++-------
Melee: Hand axe          |     7 |     3 ||    10
 Cast: Magic Dart        |    62 |    31 ||    93
       Searing Ray       |     2 |    10 ||    12
  Use: Scroll            |       |     3 ||     3
  Eat: Chunk             |     1 |     2 ||     3
Armor: Robe              |     1 |     2 ||     3
Dodge: Dodged            |    12 |    15 ||    27
